 Dungeon Sprint DCSS version 0.31-a0-18-gea43df2a32 (webtiles) character file.

Game seed: 17143664749423339797

1720 sircluck the Grappler (level 8, -3/133 HPs)
             Began as a Troll Berserker on May 9, 2023.
             Was a High Priest of Trog.
             Slain by a warg (13 damage)
             ... in the Dungeon (Sprint VII: "The Pits").
             The game lasted 00:01:29 (380 turns).

sircluck the Grappler (Troll Berserker)              Turns: 380, Time: 00:01:29

Health: -3/133     AC:  4    Str: 28    XL:     8   Next: 75%
Magic:  7/7        EV: 12    Int:  3    God:    Trog [*****.]
Gold:   0          SH:  0    Dex:  9    Spells: 7/7 levels left

rFire   . .          .
                       - Unarmed
rCold   . . .        (no shield)
rNeg    . . .        a - +0 animal skin
rPois   .            (helmet restricted)
rElec   .            (no cloak)
rCorr   .            (gloves unavailable)
SInv    .            (boots unavailable)
Will    .....        (no amulet) Stlth
                     (no ring)
HPRegen 1.22/turn    (no ring)
MPRegen 0.10/turn

%: no teleportation
@: berserking, very quick
A: large, unfitting armour, claws 3, regeneration 1, shaggy fur 1, tough skin 1
a: Renounce Religion, Berserk, Trog's Hand, Brothers in Arms


You were in the Dungeon.
You worshipped Trog.
Trog was extremely pleased with you.
You visited 1 branch

Inventory:

Missiles
 j - 10 stones (quivered)
Armour
 a - a +0 animal skin (worn)
Scrolls
 g - a scroll of blinking
 i - a scroll of butterflies
Potions
 b - 6 potions of curing
 c - 6 potions of heal wounds
 d - a potion of haste
 e - 4 potions of magic
 f - 3 potions of berserk rage
 h - 2 potions of invisibility


   Skills:
 + Level 8.7 Fighting
 + Level 9.2 Dodging
 + Level 1.0 Stealth
 + Level 13.6 Unarmed Combat


You had 7 spell levels left.
You didn't know any spells.
Your spell library was empty.

Dungeon Overview and Level Annotations

Branches:
Dungeon (1/1)

Altars:
Cheibriados
Dithmenos
Elyvilon
Fedhas
Gozag
Hepliaklqana
Makhleb
Nemelex Xobeh
Okawaru
Qazlal
Ru
Sif Muna
Trog
Wu Jian
Xom
Yredelemnul
Zin
The Shining One
Jiyva


Innate Abilities, Weirdness & Mutations

You are too large for most types of armour.
You have claws for hands.
Your natural rate of healing is unusually fast.
You are covered in fur. (AC +1)
You have tough skin. (AC +1)


Message History

You are too injured to fight recklessly!
You are too injured to fight recklessly!
You are too injured to fight recklessly!
You are too injured to fight recklessly!
You are too injured to fight recklessly!
You are too injured to fight recklessly!
You are too injured to fight recklessly!
A red film seems to cover your vision as you go berserk!
You feel yourself moving faster!
You feel mighty! The wyvern bites you. The small abomination hits you.
The warg bites you.
The wyvern bites you but does no damage.
You claw the wyvern!
The wyvern is moderately wounded.
The small abomination hits you. The warg bites you!
You scratch the wyvern.
The wyvern is heavily wounded.
The wyvern closely misses you.
You closely miss the wyvern.
The wyvern is heavily wounded.
The warg barely misses you. The wyvern closely misses you.
The small abomination hits you.
* * * LOW HITPOINT WARNING * * *
You mangle the wyvern!!
You kill the wyvern!
Trog accepts your kill.
Your Stealth skill increases to level 1!
You barely miss the small abomination. The warg bites you!
* * * LOW HITPOINT WARNING * * *
The small abomination hits you!!
* * * LOW HITPOINT WARNING * * *
You scratch the small abomination but do no damage.
You claw the small abomination.
The small abomination is lightly damaged.
The warg bites you.
* * * LOW HITPOINT WARNING * * *
You barely miss the small abomination. You claw the small abomination!!
You destroy the small abomination!
Trog accepts your kill. The warg bites you!
You die...

#.#†††..#..##.......##....
#.#.....#'###...<...##...F.
#.#........##.......##..s###
#.#........##.......##..##
#'###########.......#
#..#.#.##..##########
#.......#)######
##.#†#.##)#.h..#
#.......#'#.@..#
##.#.#.##)'†...+
#.......#)#....#
##.#.#..'.#....#
###############


You could see a warg.

Vanquished Creatures
  Pikel (D)
  A merfolk siren (D)
  A wyvern (D)
  A warg (D)
  2 floating eyes (D)
  A wolf (D)
  A small abomination (D)
  A centaur (D)
  4 lemures (D)
  3 scorpions (D)
  An iron imp (D)
  A mummy (D)
  2 adders (D)
  An ufetubus (D)
  An adder zombie (D)
  An orc (D)
  A ball python (D)
  A goblin (D)
  A ball python zombie (D)
  A frilled lizard (D)
27 creatures vanquished.

Notes
Turn   | Place    | Note
-------+----------+-------------------------------------------
     0 | D        | sircluck the Troll Berserker began the quest for the Orb.
     0 | D        | Reached XP level 1. HP: 22/22 MP: 0/0
    11 | D        | Noticed a cane toad
    11 | D        | Noticed a jumping spider
    57 | D        | Found a bloodstained altar of Trog.
    57 | D        | Found a shimmering blue altar of Sif Muna.
    57 | D        | Found a viscous altar of Jiyva.
    57 | D        | Found a hazy altar of Hepliaklqana.
    57 | D        | Found an opulent altar of Gozag.
    58 | D        | Found a glowing golden altar of the Shining One.
    58 | D        | Found a glowing silver altar of Zin.
    58 | D        | Found a basalt altar of Yredelemnul.
    58 | D        | Found a shimmering altar of Xom.
    58 | D        | Found an ornate altar of the Wu Jian Council.
    58 | D        | Found a sacrificial altar of Ru.
    58 | D        | Found a stormy altar of Qazlal.
    58 | D        | Found an iron altar of Okawaru.
    58 | D        | Found a sparkling altar of Nemelex Xobeh.
    58 | D        | Found a burning altar of Makhleb.
    58 | D        | Found a blossoming altar of Fedhas.
    58 | D        | Found a white marble altar of Elyvilon.
    58 | D        | Found a shadowy altar of Dithmenos.
    58 | D        | Found a snail-covered altar of Cheibriados.
    63 | D        | Noticed a scorpion
    69 | D        | Killed a scorpion
    69 | D        | Reached ** piety under Trog
    70 | D        | Reached skill level 5 in Unarmed Combat
    70 | D        | Reached XP level 2. HP: 24/32 MP: 1/1
    70 | D        | Reached XP level 3. HP: 29/39 MP: 2/2
    95 | D        | Noticed a floating eye
    96 | D        | Paralysed by a floating eye for 2 turns
   100 | D        | Killed a floating eye
   101 | D        | Reached skill level 5 in Fighting
   101 | D        | Reached skill level 5 in Dodging
   101 | D        | Reached skill level 7 in Unarmed Combat
   101 | D        | Reached XP level 4. HP: 50/50 MP: 3/3
   101 | D        | Reached XP level 5. HP: 57/57 MP: 4/4
   120 | D        | Reached *** piety under Trog
   121 | D        | Reached skill level 8 in Unarmed Combat
   121 | D        | Reached XP level 6. HP: 66/67 MP: 5/5
   166 | D        | Noticed a floating eye
   167 | D        | Noticed Pikel
   177 | D        | Paralysed by a floating eye for 2 turns
   184 | D        | Paralysed by a floating eye for 2 turns
   194 | D        | Paralysed by a floating eye for 3 turns
   202 | D        | Paralysed by a floating eye for 4 turns
   211 | D        | Killed a floating eye
   212 | D        | Reached skill level 9 in Unarmed Combat
   219 | D        | Reached **** piety under Trog
   226 | D        | Killed Pikel
   227 | D        | Reached skill level 11 in Unarmed Combat
   227 | D        | Reached XP level 7. HP: 21/79 MP: 6/6
   239 | D        | Reached ***** piety under Trog
   297 | D        | Noticed a merfolk siren
   307 | D        | Killed a merfolk siren
   307 | D        | Received a gift from Trog
   308 | D        | Reached skill level 12 in Unarmed Combat
   308 | D        | Reached XP level 8. HP: 53/89 MP: 7/7
   320 | D        | Reached skill level 13 in Unarmed Combat
   377 | D        | Reached skill level 1 in Stealth
   380 | D        | Slain by a warg

Illustrated notes

Levels and vault maps discovered:
D:        pitsprint [storerooms_1, entrance_room_1, metal_vault_4, armoury_1,
          mini_pit_1, grid_room_1, main_hall_1, silver_pit, the_coven_1,
          the_vestibule_1, steel_vault_2, golden_pit, hallway_of_sentries,
          crystal_vault_3, iron_vault_4, final_vault]

Skill      XL: |  1  2  3  4  5  6  7  8 |
---------------+-------------------------+-----
Fighting       | 4 5 6 7 8 |  8.7
Dodging        | 4 5 6 8 9 |  9.2
Unarmed Combat | 5 7 8 11 12 13 | 13.6
Stealth        | 1 |  1.0

Action                     |  1- 3 |  4- 6 |  7- 9 || total
---------------------------+-------+-------+-------++-------
  Melee: Unarmed           |    10 |    54 |    39 ||   103
         Punch             |       |     2 |     2 ||     4
 Invoke: Berserk           |       |       |     1 ||     1
 Armour: Animal skin       |     1 |    11 |     7 ||    19
  Dodge: Dodged            |     2 |    30 |    16 ||    48

Table legend: (Time is in decaauts)
 A = Elapsed time spent in this place.
 B = Non-inter-level travel time spent in this place.
 C = Inter-level travel time spent in this place.
 D = Time resting spent in this place.
 E = Time spent auto-exploring this place.
 F = Levels seen in this place.
 G = Mean time per level.
                   A        B        C        D        E       F      G
               +--------+--------+--------+--------+--------+-----+--------+
         Total |    360 |    360 |      0 |      0 |    178 |   1 |  360.0 |
       Dungeon |    360 |    360 |      0 |      0 |    178 |   1 |  360.0 |
               +--------+--------+--------+--------+--------+-----+--------+

Top non-repeatable levels by time:
       D: 360 daAuts
